[Event "CHN-chT"]
[Site "China"]
[Date "2015.07.27"]
[Round "11.6"]
[White "Wei, Yi"]
[Black "Ding, Liren"]
[Result "0-1"]
[ECO "B19"]
[WhiteElo "2706"]
[BlackElo "2755"]
[Annotator "Primel,D"]
[PlyCount "128"]
[EventDate "2015.04.10"]
[EventType "team-match"]
[EventRounds "22"]
[EventCountry "CHN"]
[SourceTitle "EXT 2019"]
[Source "ChessBase"]
[SourceDate "2018.10.10"]
[SourceVersion "1"]
[SourceVersionDate "2018.10.10"]
[SourceQuality "1"]
[WhiteTeam "Jiangsu"]
[BlackTeam "Zhejiang"]
[WhiteTeamCountry "CHN"]
[BlackTeamCountry "CHN"]
[TimeControl "5400+30"]

1. e4 c6 2. d4 d5 3. Nc3 dxe4 4. Nxe4 Bf5 (4... Nd7 {Inarkiev,E (2688)-Ding,L 
(2730) Moscow Petrosian Memorial 2014 (5) 1/2}) (4... Nf6) 5. Ng3 Bg6 6. h4 h6
7. Nf3 e6 $5 (7... Nd7 {La grande ligne et le choix de la variante entraine
souvent des positions aigues avec des roques sur les ailes opposées}) 8. h5 (
8. Ne5 $5 Bh7 9. Bd3 Bxd3 10. Qxd3 {Anand,V (2783)-Ding,L (2707) Alekhine
Memorial 2013 (5) 1-0}) 8... Bh7 9. Bd3 Bxd3 10. Qxd3 Nf6 (10... Nd7 {[%cal
Gd8c7,Ge8c8] Aurait transposé dans la grande ligne où le K Noir préfère se
réfugier à l'aile-dame} 11. Bd2 Qc7 12. O-O-O O-O-O 13. Ne4 Ngf6) 11. Bd2 Be7
(11... c5 $5 {Anticipant le ooo}) 12. O-O-O O-O $132 {Dans la pratique, les
Noirs ont des bons résultats avec cette variante malgré l'avantage d'espace
des Blancs à l'aile-roi} 13. Ne4 (13. Kb1 c5 14. Ne4 Nc6 15. Bc3 Nb4 16. Nxf6+
Bxf6 17. Bxb4 cxb4 18. Qe4 Qb6 19. Ne5 Rad8 20. f4 Rd5 21. Rd2 Rfd8 22. Rhd1 a5
23. g4 a4 24. Rd3 Bxe5 25. fxe5 R8d7 26. Qf4 Qd8 27. Qd2 Rb5 28. Rg1 b3 29. g5
hxg5 30. Rxg5 bxc2+ 31. Kxc2 Kh8 32. Rg4 a3 33. Rxa3 Rxe5 34. Rag3 Rc5+ 35. Kb1
Qf6 36. a3 Rxh5 37. Rxg7 Qxg7 38. Rxg7 Kxg7 39. a4 Rhd5 40. a5 Rxd4 41. Qg5+
Kf8 42. Qf6 R7d5 {Yu,Y (2675)-Ding,L (2714) Danzhou 2014 0-1 (119)}) (13. Qe2
Nbd7 14. Nf1 $5 {Vallejo Pons,F (2708)-Vuckovic,B (2630) EU-ch 11th Rijeka
2010 (8) 1/2}) 13... Nxe4 $5 {La préparation des Noirs alors que presque
toutes les parties ont continué le développement avec Nbd7} (13... Nbd7 14. Kb1 c5 15. g4 $1 Nxg4 $13 {Grandelius,N
(2644)-Navara,D (2730) EU-chT (Men) 20th 2015 (2.1) 1/2}) 14. Qxe4 Qd5 15. Qg4
$5 {[%cal Gd2h6,Gg4g8] Changeant le premier par rapport à une partie jouée
par Ding Liren quelques mois plus tôt} (15. Qxd5 cxd5 16. g4 {Xu,X (2101)
-Ding,L (2710) CHN-chT China 2014 (21.4) 0-1}) 15... Kh8 16. Kb1 Nd7 $11 17. Qh3 (17. Nh4) 17... Rad8 (17... a5 18. g4 a4 {Jurkovic,
A (2309)-Golubovic,B (2450) Nova Gorica op 04th 1999 (8) 0-1} (18... Bb4 19. c3
Be7 20. g5 hxg5 21. h6 g6 22. h7 $44 Bf6)) 18. g4 e5 19. g5 e4 $1 20. Nh4 $146
(20. gxh6 exf3 21. hxg7+ Kxg7 22. Qg3+ Kh8 23. Rhg1 Rg8 24. Qf4 Nf6 25. Bb4 Qe4
26. Qh6+ Nh7 27. Rge1 Qxe1 28. Bxe1 Bg5 {0-1 (28) Gruber,G (2108)-Schneider
Zinner,H (2347) Aschach 2003}) 20... Bxg5 21. c4 $5 Qxc4 22. Bxg5 hxg5 23. Ng6+
$1 Kg8 24. Ne7+ {Jouant pour le gain mais au risque de forcer
la position.} (24. Nxf8 Nxf8 25. h6) 24... Kh8 25. Ng6+ Kg8 26. Nxf8 {Après
avoir gagner du temps avec la répétition de coups, les Blancs encaissent le
matériel} Nxf8 27. h6 g6 28. Qa3 (28. h7+ $6 Kh8 $44 {Et il n'est pas facile
de progresser pour les Blancs}) 28... Qe6 29. Qxa7 Qe7 30. Rhe1 (30. Qc5 {
La centralisation de la Q était un coup candidat}) 30... g4 $1 31. a4 Kh7 32. a5 Rd7 33. Qc5 f5 34. a6 Qxc5 35. dxc5 bxa6 36. Rd6 Rc7 37. Rf6
$1 Nd7 38. Rf7+ $40 {[%csl Rc7,Rd7,Rh7] Attaque 03
pièces!} Kxh6 39. Rd1 (39. Rh1+ $6 Kg5) 39... Kg5 $1 {Une bonne case pour le
K Noir qui est à l'abri tout en pouvant essayer de soutenir la majorité Noire
} 40. Kc2 e3 $1 41. fxe3 g3 42. Rg7 (42. Rg1 Kg4 43.
Rg7 g5 $36) 42... g2 43. Rg1 Kf6 44. Rg8 Kf7 45. Rh8 Kg7 46. Rh2 Rb7 47. Rhxg2
Ne5 48. Ra1 a5 49. Ra3 (49. Rxa5 Rxb2+ 50. Kxb2 Nc4+ ) 49... Nc4 50. Rb3 Rxb3 51. Kxb3 Nxe3 $132 {[%csl Gf5,Gg6]
La R Blanche manque d'activité et la majorité soutenue par le N et le K
parait trés dangereuse} 52. Rf2 $6 (52. Rd2 f4 53.
Rd7+ Kf6 54. Rd6+ Kf5 55. Rxc6 f3 56. Rc8 Kg4 (56... f2 57. Rf8+ Kg4) 57. Rf8
Nf5 58. c6 $1 Nd4+ 59. Kc4 Nxc6 60. Rxf3) 52... g5 $15 53. Re2
f4 54. Kc3 g4 55. Kd3 Kg6 56. Re1 Kf5 $36 57. Ra1 {Trop tard} g3 58. Ke2 Ng4 $1 59. Rxa5 Nh2 60. Ra8 f3+ 61. Ke3 f2 62. Rf8+ Ke5 63. Ke2
Kd4 64. Rf5 Kc4 0-1